 Dungeon Crawl Stone Soup version 0.27.1-33-g824d729ab1 (webtiles) character file.

Game seed: 9626295635584531967

45 dianekeaton the Cudgeller (level 3, -1/31 HPs)
             Began as a Minotaur Berserker on Dec 9, 2021.
             Was a Believer of Trog.
             Slain by Robin (2 damage)
             ... on level 1 of the Dungeon.
             The game lasted 00:01:35 (795 turns).

dianekeaton the Cudgeller (Minotaur Berserker)       Turns: 795, Time: 00:01:36

Health: -1/31      AC:  2    Str: 22    XL:     3   Next: 42%
Magic:  2/2        EV: 12    Int:  4    God:    Trog [**....]
Gold:   51         SH:  0    Dex:  9    Spells: 2/2 levels left

rFire    . . .     SeeInvis .   a - +0 mace
rCold    . . .     Faith    .   (no shield)
rNeg     . . .     Spirit   .   b - +0 animal skin
rPois    .         Reflect  .   (helmet restricted)
rElec    .         Harm     .   (no cloak)
rCorr    .         Rampage  .   (no gloves)
Will     ++...                  (no boots)
Stlth    +.........             (no amulet)
HPRegen  1.10/turn              (no ring)
MPRegen  0.08/turn              (no ring)

@: strong-willed, on berserk cooldown, regenerating, slowed, very slow
A: horns 2, retaliatory headbutt
a: Renounce Religion, Berserk, Trog's Hand


You were on level 1 of the Dungeon.
You worshipped Trog.
Trog was pleased with you.
You visited 1 branch of the dungeon, and saw 2 of its levels.

You collected 51 gold pieces.

Inventory:

Hand Weapons
 a - a +0 mace (weapon)
Armour
 b - a +0 animal skin (worn)
Scrolls
 c - a scroll of enchant weapon {unknown}
 d - a scroll of teleportation {unknown}
 e - a scroll of blinking {unknown}
 h - a scroll of identify {unknown}
Potions
 f - a potion of invisibility {unknown}
 g - a potion of attraction {unknown}
 i - a potion of berserk rage {unknown}
 j - a potion of mutation {unknown}


   Skills:
 - Level 3.6 Fighting
 + Level 5.4 Maces & Flails
 - Level 2.4 Armour
 - Level 2.1 Dodging
 + Level 0.2 Stealth


You had 2 spell levels left.
You didn't know any spells.
Your spell library was empty.

Dungeon Overview and Level Annotations

Branches:
Dungeon (2/15)

Altars:

Annotations:
D:1 Robin


Innate Abilities, Weirdness & Mutations

You have a pair of horns on your head.
You reflexively headbutt those who attack you in melee.


Message History

The goblin hits you with a +0 dagger.
* * * LOW HITPOINT WARNING * * *
A red film seems to cover your vision as you go berserk!
You feel yourself moving faster!
You feel mighty! The goblin misses you. You furiously retaliate!
You headbutt the goblin.
You kill the goblin!
Trog accepts your kill. The goblin barely misses you.
You feel a strong urge to attack something.
You feel your anger nearly subside.
You are no longer berserk.
You are exhausted.
You feel yourself slow down.
Found 11 gold pieces.
The goblin barely misses you. You furiously retaliate!
You headbutt the goblin.
A hobgoblin comes into view.
Robin throws the goblin at you!
A goblin comes into view. It is wielding a +0 club.
The goblin closely misses you. You furiously retaliate!
You headbutt the goblin!
You kill the goblin!
Trog accepts your kill.
The goblin shouts!
The hobgoblin shouts!
A goblin comes into view. It is wielding a +0 dagger.
A goblin comes into view. It is wielding a +0 club.
Robin roars a battlecry!
The goblins go into a battle-frenzy!
There is a stone staircase leading up here.
The goblin no longer looks unusually strong.
The hobgoblin no longer looks unusually strong.
Robin roars a battlecry!
The goblins go into a battle-frenzy!
The goblin shouts!
You climb upwards.
There is a stone staircase leading down here.
Your skin crawls.
You feel strong-willed.
Robin hits you with a +1 dagger of flaming.
* * * LOW HITPOINT WARNING * * *
Robin burns you.
You die...

#....... ###########
########
#......(..############
#.....................
#.........############
#####.##### #.# #g#
#@# ####.### #......#
#......##############
#....................
#......#############.
#......# ## #......#
########


You could see Robin.

Vanquished Creatures
  An adder (D:2)
  A dart slug (D:1)
  3 endoplasms
  7 goblins
  4 hobgoblins (D:1)
  A quokka (D:1)
  6 ball pythons
  2 bats
  A frilled lizard (D:1)
  A kobold (D:2)
  3 rats
30 creatures vanquished.

Notes
Turn   | Place    | Note
-------+----------+-------------------------------------------
     0 | D:1      | dianekeaton the Minotaur Berserker began the quest for the
                  | Orb.
     0 | D:1      | Reached XP level 1. HP: 19/19 MP: 0/0
    22 | D:1      | Reached skill level 4 in Maces & Flails
   133 | D:1      | Reached XP level 2. HP: 15/26 MP: 1/1
   647 | D:1      | Reached skill level 5 in Maces & Flails
   706 | D:2      | Reached ** piety under Trog
   713 | D:2      | Reached XP level 3. HP: 29/31 MP: 2/2
   777 | D:2      | Noticed Robin
   782 | D:2      | HP: 1/31 [goblin[Robin] (4)]
   795 | D:1      | HP: 1/31 [Robin (3)]
   795 | D:1      | Slain by Robin

Illustrated notes

Levels and vault maps discovered:
D:1:      minmay_arrival_five_plusses, layout_rooms, minivault_5
D:2:      layout_rooms, uniq_terence, uniq_robin

Skill      XL: |  1  2 |
---------------+-------+-----
Maces & Flails | 4 5 |  5.4
Fighting       | |  3.6
Armour         | |  2.4
Dodging        | |  2.1
Stealth        | |  0.2

Action                   || total
-------------------------++-------
Melee: Mace              ||    59
       Headbutt          ||     9
Invok: Berserk           ||     1
       Trog's Hand       ||     1
Armor: Animal skin       ||    10
Dodge: Dodged            ||    41
